 Dungeon Sprint DCSS version 0.17-a0-1446-gc28613e (webtiles) character file.

9 hexophile the Firebug (level 2, -2/22 HPs)
             Began as a Naga Fire Elementalist on June 28, 2015.
             Slain by a gnoll sergeant
             ... wielding a +2 spear of flaming
              (3 damage)
             ... in the Dungeon (Sprint IX: "|||||||||||||||||||||||||||||").
             The game lasted 00:01:37 (315 turns).

hexophile the Firebug (Naga Fire Elementalist)       Turns: 315, Time: 00:01:38

Health: -2/22      AC:  1    Str: 10    XL:     2   Next: 12%
Magic:  4/5        EV: 10    Int: 15    God:
Gold:   0          SH:  0    Dex: 11    Spells: 1 memorised, 5 levels left

rFire  . . .     SeeInvis +     (no weapon)
rCold  . . .     Clarity  .     a - +0 robe
rNeg   . . .     SustAt   .     (no shield)
rPois  +         Gourm    .     (no helmet)
rElec  .         Spirit   .     (no cloak)
rCorr  .         Warding  .     (no gloves)
rMut   .         NoTele   +     (no barding)
MR     .....                    (no amulet)
Stlth  ++........               (no ring)
                                (no ring)

@: short of breath, very slow, not resistant to hostile enchantments, unstealthy
A: see invisible, deformed body, poison resistance, slowness 2, slow metabolism
1, spit poison 2, AC +0
a: Spit Poison


You were in the Dungeon.
You were not hungry.

You visited 1 branch

Inventory:

Armour
 a - a +0 robe (worn)
Jewellery
 n - a +2 ring of evasion
 o - a +3 ring of strength
Magical devices
 m - a wand of cold (7)
Scrolls
 j - 3 scrolls of remove curse
 k - 2 scrolls of amnesia
 l - a scroll of blinking
Potions
 d - 5 potions of curing
 e - 3 potions of heal wounds
 f - a potion of haste
 g - 4 potions of magic
 h - a potion of berserk rage
 i - a potion of invisibility
Books
 b - a book of Flames

   Spells                             Type                      Level
   a - Flame Tongue                   Conjuration/Fire             1
   b - Throw Flame                    Conjuration/Fire             2
   c - Conjure Flame                  Conjuration/Fire             3
   d - Inner Flame                    Hexes/Fire                   3
   e - Sticky Flame                   Conjuration/Fire             4
   f - Fireball                       Conjuration/Fire             5
Comestibles
 c - a bread ration


   Skills:
 * Level 1.5 Armour
 - Level 1.5 Dodging
 - Level 3.0 Stealth
 * Level 2.6 Spellcasting
 * Level 2.2 Conjurations
 * Level 3.4 Fire Magic


You had 5 spell levels left.
You knew the following spells:

 Your Spells              Type           Power        Failure   Level  Hunger
a - Flame Tongue          Conj/Fire      ##...        10%         1    #......


Dungeon Overview and Level Annotations

Branches:
Dungeon (1/1)

Altars:
Cheibriados
Dithmenos
Elyvilon
Fedhas
Gozag
Kikubaaqudgha
Makhleb
Nemelex Xobeh
Okawaru
Qazlal
Ru
Sif Muna
Trog
Vehumet
Xom
Yredelemnul
Zin
The Shining One
Beogh
Jiyva
Lugonu


Innate Abilities, Weirdness & Mutations

You cannot wear boots.
Your serpentine skin is tough (AC +0).
You have supernaturally acute eyesight.
Armour fits poorly on your strangely shaped body.
Your system is resistant to poisons.
You cover ground very slowly.
You have a slow metabolism.
You can spit poison.


Message History

Use which ability? (? or * to list)
Press: ? - help, Shift-Dir - straight line, f - gnoll sergeant
Aim: a gnoll sergeant, wielding a spear of flaming, wearing a scale mail and wearing a buckler The splash of poison hits the orc.
The orc is poisoned.
You kill the orc!
You feel slightly more hungry.
The gnoll sergeant hits you from afar with a spear of flaming.
The gnoll sergeant burns you.
Casting: Flame Tongue
Confirm with . or Enter, or press ? or * to list all spells.
Aiming: Flame Tongue
Press: ? - help, Shift-Dir - straight line, f/p - gnoll sergeant
Aim: a gnoll sergeant, wielding a spear of flaming, wearing a scale mail and wearing a buckler The flame tongue hits the gnoll sergeant.
The gnoll sergeant is lightly wounded.
The kobold shouts!
The gnoll sergeant hits you from afar with a spear of flaming!
* * * LOW HITPOINT WARNING * * *
The gnoll sergeant burns you.
You die... ▓▓▓▓▓▓▓▓▓▓▓▓▓▓▓▓▓▓▓▓▓▓▓▓▓▓▓▓▓▓▓▓▓ Y..K.'..[[K)|bg)@________________ ▓▓▓▓▓▓▓▓▓▓▓▓▓▓▓▓▓▓▓▓▓▓▓▓▓▓▓▓▓▓▓▓▓

You could see a gnoll sergeant, a bat and a kobold.

Vanquished Creatures
  An orc (D)
  2 hobgoblins (D)
  2 bats (D)
  A giant newt (D)
  2 kobolds (D)
  A rat (D)
9 creatures vanquished.

Notes
Turn   | Place    | Note
--------------------------------------------------------------
     0 | D        | hexophile the Naga Fire Elementalist began the quest for the Orb.
     0 | D        | Reached XP level 1. HP: 15/15 MP: 3/3
    16 | D        | Reached skill level 1 in Armour
   248 | D        | Noticed a worker ant
   254 | D        | Reached XP level 2. HP: 13/22 MP: 1/5
   264 | D        | Found a glowing silver altar of Zin.
   264 | D        | Found a glowing golden altar of the Shining One.
   264 | D        | Found an ancient bone altar of Kikubaaqudgha.
   264 | D        | Found a basalt altar of Yredelemnul.
   264 | D        | Found a shimmering altar of Xom.
   264 | D        | Found a radiant altar of Vehumet.
   265 | D        | Found an iron altar of Okawaru.
   266 | D        | Found a burning altar of Makhleb.
   267 | D        | Found a deep blue altar of Sif Muna.
   268 | D        | Found a bloodstained altar of Trog.
   269 | D        | Found a sparkling altar of Nemelex Xobeh.
   270 | D        | Found a white marble altar of Elyvilon.
   271 | D        | Found a roughly hewn altar of Beogh.
   272 | D        | Found a viscous altar of Jiyva.
   273 | D        | Found a corrupted altar of Lugonu.
   274 | D        | Found a blossoming altar of Fedhas.
   275 | D        | Found a snail-covered altar of Cheibriados.
   276 | D        | Found a shadowy altar of Dithmenos.
   277 | D        | Found a stormy altar of Qazlal.
   278 | D        | Found an opulent altar of Gozag.
   279 | D        | Found a sacrificial altar of Ru.
   303 | D        | Noticed an iguana
   303 | D        | Noticed an ice beast
   303 | D        | Noticed a gnoll sergeant
   315 | D        | HP: 1/22 [gnoll sergeant/spear of flaming (7)]
   315 | D        | Slain by a gnoll sergeant

Vault maps used:
D:        linesprint

Action                   || total
-------------------------++-------
Melee: Unarmed           ||     8
 Cast: Flame Tongue      ||     7
 Abil: Spit Poison       ||     3
  Use: Scroll            ||     1
